 Dungeon Crawl Stone Soup version 0.30-a0-779-g7971cf19c3 (webtiles) character file.

Game seed: 9499292535895393347

212 Leeroy the Slasher (level 5, 0/26 HPs)
             Began as a Vine Stalker Warper on Feb 17, 2023.
             Slain by Grinder (5 damage)
             ... while paralysed by Grinder
             ... on level 3 of the Dungeon.
             The game lasted 00:03:23 (2531 turns).

Leeroy the Slasher (Vine Stalker Warper)            Turns: 2531, Time: 00:03:24

Health: 0/26       AC:  3    Str: 13    XL:     5   Next: 90%
Magic:  0/18       EV:  2    Int: 13    God:
Gold:   124        SH:  0    Dex: 16    Spells: 3/8 levels left

rFire   . . .      SeeInvis .    o - +3 dagger (vamp)
rCold   . . .      Faith    .    (no shield)
rNeg    . . .      Spirit   +    b - +0 leather armour
rPois   .          Reflect  .    (no helmet)
rElec   .          Harm     .    (no cloak)
rCorr   .          Rampage  .    (no gloves)
Will    .....                    (no boots)
Stlth   +                        j - amulet of magic regeneration
HPRegen 1.04/turn                k - ring of wizardry
MPRegen 0.56/turn                l - ring of magical power

@: paralysed
A: fangs 2, regeneration 1, magic shield, antimagic bite, no potion heal 2
a: no special abilities


You were on level 3 of the Dungeon.
You visited 1 branch of the dungeon, and saw 4 of its levels.

You collected 124 gold pieces.

Inventory:

Hand Weapons
 a - a +0 falchion
 o - a +3 vampiric dagger (weapon)
Missiles
 d - 7 boomerangs of dispersal (quivered)
 h - 5 poisoned darts
 m - 2 javelins
Armour
 b - a +0 leather armour (worn)
Magical Staves
 e - a staff of conjuration
 r - a staff of death
Jewellery
 j - an amulet of magic regeneration (around neck)
 k - a ring of wizardry (left hand)
 l - a ring of magical power (right hand)
 u - a ring of poison resistance
Scrolls
 f - a scroll of magic mapping {unknown}
 g - 2 scrolls of poison {unknown}
 i - 2 scrolls of identify {unknown}
 p - a scroll of enchant weapon {unknown}
 q - 2 scrolls of teleportation {unknown}
Potions
 n - a potion of heal wounds {unknown}
 s - a potion of magic {unknown}
 t - a potion of curing {unknown}


   Skills:
 - Level 1.7 Fighting
 - Level 5.4 Long Blades
 - Level 0.8 Throwing
 + Level 0.8 Armour
 - Level 1.5 Dodging
 - Level 2.1 Spellcasting
 - Level 3.0 Translocations


You had 3 spell levels left.
You knew the following spells:

 Your Spells              Type           Power      Damage    Failure   Level
a - Blink                 Tloc           18%        N/A       6%          2
b - Vhi's Electric Charg  Tloc/Air       10%        N/A       21%         3

Your spell library contained the following spells:

 Spells                   Type           Power      Damage    Failure   Level
 Lesser Beckoning         Tloc           18%        N/A       6%          2
 Teleport Other           Tloc           9%         N/A       12%         3
 Manifold Assault         Tloc           9%         N/A       34%         4


Dungeon Overview and Level Annotations

Branches:
Dungeon (4/15)
 Temple: D:4-7

Altars:
Xom

Annotations:
D:3 Grinder


Innate Abilities, Weirdness & Mutations

You have extremely sharp teeth.
Your natural rate of healing is unusually fast.
When hurt, damage is shared between your health and your magic reserves.
Your bite disrupts and absorbs the magic of your enemies.
Potions cannot restore your health.


Message History

The grasping roots grab you! The grasping roots constrict you.
You escape the roots grasp.
Grinder says, "FISH!"
Grinder blinks!
Grinder blinks!
Grinder gestures at you. Pain shoots through your body!
Grinder gestures at you. You resist with some effort. Grinder hits you!
You writhe in agony.
You hit Grinder.
Grinder is lightly wounded.
You hit Grinder. You bite Grinder.
Grinder's magic leaks into the air.
You drain her magic.
You feel invigorated.
Grinder is moderately wounded.
Grinder says, "You look like you could use a good racking."
Grinder zaps a wand.
The roots erupt in riotous growth!
The grasping roots grab you!
Grinder is unaffected.
The grasping roots constrict you.
You hit Grinder.
Grinder is heavily wounded.
Grinder blinks!
The grasping roots constrict you.
Cast which spell? (? or * to list)
The spell is quite dangerous to miscast (21% risk of failure)!
Continue anyway?
Charge where?
Press: ? - help, Dir - move target, f - Grinder
Aim: Grinder, carrying a wand of roots (7) (heavily wounded, magic disrupted, 80% to hit)
You escape the roots grasp.
You charge forward with an electric crackle!
You puncture Grinder and electrocute her!
You bite Grinder, but do no damage.
Grinder is severely wounded.
Grinder's magic is no longer disrupted.
Grinder gestures at you.
You suddenly lose the ability to move!
Grinder hits you!
You writhe in agony.
* * * LOW HITPOINT WARNING * * *
Grinder hits you!
You die...

#.## #.# #..
#.#########.#
#>..........###
#.............#
#.............#
#.............#####
#.................#
#.................#
#...5@○°..........#
#.................#
#.................##
#..................###
#..................##.
#############.......#.
#.....#.#. #.....#...
#.....##..


You could see Grinder.

Vanquished Creatures
  A bullfrog (D:4)
  A hound (D:3)
  Jessica (D:3)
  2 adders (D:3)
  2 worms (D:2)
  3 dart slugs
  9 orcs
  4 endoplasms
  5 giant cockroaches
  4 hobgoblins
  2 jackals (D:1)
  6 kobolds
  5 quokkas
  2 bats
  A frilled lizard (D:2)
  3 goblins
  3 rats
54 creatures vanquished.

Notes
Turn   | Place    | Note
-------+----------+-------------------------------------------
     0 | D:1      | Leeroy the Vine Stalker Warper began the quest for the Orb.
     0 | D:1      | Reached XP level 1. HP: 11/11 MP: 4/4
    20 | D:1      | Reached skill level 2 in Long Blades
   196 | D:1      | Reached XP level 2. HP: 11/15 MP: 3/6
   932 | D:2      | Reached skill level 3 in Long Blades
   947 | D:2      | Found a shimmering altar of Xom.
  1009 | D:2      | Reached XP level 3. HP: 18/18 MP: 7/7
  1389 | D:2      | Learned a level 2 spell: Blink
  1393 | D:2      | Learned a level 3 spell: Vhi's Electric Charge
  1942 | D:3      | Gained mutation: Your natural rate of healing is unusually
                  | fast. [Vine Stalker growth]
  1942 | D:3      | Reached XP level 4. HP: 17/23 MP: 8/8
  2069 | D:3      | Noticed Jessica
  2076 | D:3      | Reached skill level 4 in Long Blades
  2080 | D:3      | Killed Jessica
  2112 | D:3      | Reached XP level 5. HP: 26/26 MP: 9/9
  2176 | D:3      | Noticed Grinder
  2178 | D:3      | Paralysed by Grinder for 2 turns
  2355 | D:4      | Reached skill level 5 in Long Blades
  2529 | D:3      | Paralysed by Grinder for 3 turns
  2531 | D:3      | Slain by Grinder

Illustrated notes

Levels and vault maps discovered:
D:1:      psy_arrival_dodecagon, layout_basic
D:2:      layout_loops_corners, basic_altar
D:3:      layout_basic, kennysheep_orc_chapel, uniq_jessica, uniq_grinder
D:4:      layout_cave_pools, minmay_temple_entry_butterflies

Skill      XL: |  1  2  3  4  5 |
---------------+----------------+-----
Long Blades    | 2 3 4 5 |  5.4
Fighting       | |  1.7
Throwing       | |  0.8
Armour         | |  0.8
Dodging        | |  1.5
Spellcasting   | |  2.1
Translocations | |  3.0

Action                     |  1- 3 |  4- 6 || total
---------------------------+-------+-------++-------
  Melee: Falchion          |   101 |    22 ||   123
         Bite              |    25 |    20 ||    45
         Punch             |     2 |       ||     2
         Dagger            |       |    57 ||    57
   Cast: Vhi's Electric Ch |       |     1 ||     1
    Use: Scroll            |       |     1 ||     1
   Stab: Sleeping          |     1 |       ||     1
 Armour: Leather armour    |    25 |    14 ||    39
  Dodge: Dodged            |    50 |    49 ||    99

Table legend: (Time is in decaauts)
 A = Elapsed time spent in this place.
 B = Non-inter-level travel time spent in this place.
 C = Inter-level travel time spent in this place.
 D = Time resting spent in this place.
 E = Time spent auto-exploring this place.
 F = Levels seen in this place.
 G = Mean time per level.
                   A        B        C        D        E       F      G
               +--------+--------+--------+--------+--------+-----+--------+
         Total |   2539 |   2501 |     38 |     11 |   2025 |   4 |  634.8 |
       Dungeon |   2539 |   2501 |     38 |     11 |   2025 |   4 |  634.8 |
               +--------+--------+--------+--------+--------+-----+--------+

Top non-repeatable levels by time:
     D:2: 946 daAuts
     D:1: 936 daAuts
     D:3: 436 daAuts
     D:4: 220 daAuts
